MLB
WASHINGTON NATIONALS @ COLORADO ROCKIES
08/17/2020
 
TOP OF THE 1ST
Washington Nationals batting - Pitching for Colorado Rockies : RHP Brad Keller
Pitching: RHP Brad Keller
Batting: LHB Andrew Benintendi 0-0: Ball
1-0: Called Strike
1-1: Swinging Strike
1-2: SINGLE (Line Drive, 6MD, EV 95.6 MPH)
Batting: RHB Adeiny Hechavarria 0-0: DOUBLE (Groundball, 5L, EV 101.3 MPH)
Andrew Benintendi to third
Runner from 3rd tries for Home, SAFE, throw by LF to trailing runner, OUT at third! 7-6-5
Batting: LHB Adam Eaton 0-0: Ball
1-0: Ball
2-0: Called Strike
2-1: Ball
3-1: Foul Ball, location: 2F
3-2: SINGLE (Line Drive, 4MD, EV 97.5 MPH)
Batting: LHB Yonder Alonso 0-0: Ball
1-0: Foul Ball, location: 2F
1-1: Foul Ball, location: 2F
1-2: Ball
2-2: Ball
3-2: Base on Balls
Adam Eaton to second
Batting: RHB Evan Longoria 0-0: Ball
1-0: Called Strike
1-1: Foul Ball, location: 2F
1-2: DOUBLE (Flyball, 8LXD, EV 103.1 MPH)
Adam Eaton scores
Yonder Alonso to third
Batting: LHB Jackie Bradley Jr. 0-0: Fly out, F8 (Flyball, 8LM, EV 86.9 MPH)
Runner from 3rd tags up, OUT at HOME! 8-2
Top of the 1st over - 2 runs, 4 hits, 0 errors, 1 left on base; Washington 2 - Colorado 0
BOTTOM OF THE 1ST
Colorado Rockies batting - Pitching for Washington Nationals : RHP Dustin May
Pitching: RHP Dustin May
Batting: SHB Victor Reyes 0-0: Foul Ball, location: 2F
0-1: Ball
1-1: Foul Ball, location: 2F
1-2: Ground out 5-3 (Groundball, 56S, EV 81.3 MPH)
Batting: RHB JaCoby Jones 0-0: Called Strike
0-1: Swinging Strike
0-2: Foul Ball, location: 2F
0-2: Ball
1-2: Strikes out looking
Batting: RHB Michael Brosseau 0-0: Swinging Strike
0-1: Swinging Strike
0-2: Ground out 6-3 (Groundball, 6, EV 80.0 MPH)
Bottom of the 1st over - 0 runs, 0 hits, 0 errors, 0 left on base; Washington 2 - Colorado 0
TOP OF THE 2ND
Washington Nationals batting - Pitching for Colorado Rockies : RHP Brad Keller
Batting: RHB Francisco Cervelli 0-0: Called Strike
0-1: Ball
1-1: Ball
2-1: Ground out 6-3 (Groundball, 6, EV 105.0 MPH)
Batting: SHB Jed Lowrie 0-0: Ball
1-0: Called Strike
1-1: Fly out, F9 (Flyball, 9LD, EV 99.4 MPH)
Batting: RHB Dustin May 0-0: Swinging Strike
0-1: Called Strike
0-2: Strikes out swinging
Top of the 2nd over - 0 runs, 0 hits, 0 errors, 0 left on base; Washington 2 - Colorado 0
BOTTOM OF THE 2ND
Colorado Rockies batting - Pitching for Washington Nationals : RHP Dustin May
Batting: LHB Josh VanMeter 0-0: Called Strike
0-1: Foul Ball, location: 2F
0-2: Strikes out swinging
Batting: RHB Orlando Arcia 0-0: Swinging Strike
0-1: DOUBLE (Line Drive, 9LM, EV 109.4 MPH)
Batting: RHB Jake Rogers 0-0: Ball
1-0: Foul Ball, location: 2F
1-1: Foul Ball, location: 2F
1-2: Ground out 1-3 (Groundball, 13, EV 69.4 MPH)
Orlando Arcia to third
Batting: LHB CJ Alexander 0-0: Ball
1-0: Called Strike
1-1: Swinging Strike
1-2: Strikes out looking
Bottom of the 2nd over - 0 runs, 1 hit, 0 errors, 1 left on base; Washington 2 - Colorado 0
TOP OF THE 3RD
Washington Nationals batting - Pitching for Colorado Rockies : RHP Brad Keller
Batting: LHB Andrew Benintendi 0-0: Ball
1-0: Foul Ball, location: 2F
1-1: Foul Ball, location: 2F
1-2: Ground out U3 (Groundball, 3, EV 106.9 MPH)
Batting: RHB Adeiny Hechavarria 0-0: Ball
1-0: Called Strike
1-1: Ball
2-1: Ground out 5-3 (Groundball, 5, EV 98.1 MPH)
Batting: LHB Adam Eaton 0-0: Ball
1-0: Called Strike
1-1: Foul Ball, location: 2F
1-2: Ball
2-2: Ball
3-2: Base on Balls
Batting: LHB Yonder Alonso 0-0: Ball
1-0: Ground out 4-3 (Groundball, 34, EV 100.6 MPH)
Top of the 3rd over - 0 runs, 0 hits, 0 errors, 1 left on base; Washington 2 - Colorado 0
BOTTOM OF THE 3RD
Colorado Rockies batting - Pitching for Washington Nationals : RHP Dustin May
Batting: RHB Jorge Mateo 0-0: Ball
1-0: Foul Ball, location: 2F
1-1: Foul Ball, location: 2F
1-2: Ball
2-2: Foul Ball, location: 2F
2-2: Foul Ball, location: 2F
2-2: Ball
3-2: Strikes out swinging
Batting: RHB Brad Keller 0-0: Called Strike
0-1: Foul Ball, location: 2F
0-2: Ball
1-2: Strikes out swinging
Batting: SHB Victor Reyes 0-0: SINGLE (Groundball, 34D, EV 101.9 MPH)
Batting: RHB JaCoby Jones 0-0: Ball
1-0: Foul Ball, location: 2F
1-1: Called Strike
Victor Reyes steals 2nd base
1-2: Foul Ball, location: 2F
1-2: Ground out 2-3 (Groundball, 2R, EV 68.1 MPH)
Bottom of the 3rd over - 0 runs, 1 hit, 0 errors, 1 left on base; Washington 2 - Colorado 0
TOP OF THE 4TH
Washington Nationals batting - Pitching for Colorado Rockies : RHP Brad Keller
Batting: RHB Evan Longoria 0-0: SINGLE (Line Drive, 8RS, EV 100.6 MPH)
Batting: LHB Jackie Bradley Jr. 0-0: Swinging Strike
0-1: Fly out, F8 (Flyball, 78S, EV 91.3 MPH)
Batting: RHB Francisco Cervelli 0-0: Ball
1-0: Ball
2-0: Ball
3-0: Called Strike
3-1: Foul Ball, location: 2F
3-2: Fly out, F8 (Flyball, 8LD, EV 93.8 MPH)
Batting: SHB Jed Lowrie 0-0: Called Strike
0-1: Ball
1-1: Foul Ball, location: 2F
1-2: Foul Ball, location: 2F
1-2: Foul Ball, location: 2F
1-2: Ball
2-2: Foul Ball, location: 2F
2-2: Ball
3-2: Base on Balls
Evan Longoria to second
Batting: RHB Dustin May 0-0: Ball
1-0: Called Strike
1-1: Ball
2-1: Fly out, F8 (Flyball, 8RD, EV 88.1 MPH)
Top of the 4th over - 0 runs, 1 hit, 0 errors, 2 left on base; Washington 2 - Colorado 0
BOTTOM OF THE 4TH
Colorado Rockies batting - Pitching for Washington Nationals : RHP Dustin May
Batting: RHB Michael Brosseau 0-0: Fly out, F9 (Flyball, 9D, EV 100.0 MPH)
Batting: LHB Josh VanMeter 0-0: Called Strike
0-1: Ball
1-1: Ball
2-1: Ground out 4-3 (Groundball, 4S, EV 86.3 MPH)
Batting: RHB Orlando Arcia 0-0: Ground out 6-3 (Groundball, 6, EV 81.9 MPH)
Bottom of the 4th over - 0 runs, 0 hits, 0 errors, 0 left on base; Washington 2 - Colorado 0
TOP OF THE 5TH
Washington Nationals batting - Pitching for Colorado Rockies : RHP Brad Keller
Batting: LHB Andrew Benintendi 0-0: Ball
1-0: DOUBLE (Groundball, 3L, EV 98.8 MPH)
Pitching: RHP Marco Estrada
Batting: RHB Adeiny Hechavarria 0-0: Swinging Strike
0-1: Ground out 6-3 (Groundball, 6M, EV 83.1 MPH)
Andrew Benintendi to third
Batting: LHB Adam Eaton 0-0: Called Strike
0-1: Ball
Wild Pitch!
Andrew Benintendi scores
1-1: Ball
2-1: Called Strike
2-2: Ground out 6-3 (Groundball, 6, EV 83.8 MPH)
Batting: LHB Yonder Alonso 0-0: Swinging Strike
0-1: Called Strike
0-2: Strikes out swinging
Top of the 5th over - 1 run, 1 hit, 0 errors, 0 left on base; Washington 3 - Colorado 0
BOTTOM OF THE 5TH
Colorado Rockies batting - Pitching for Washington Nationals : RHP Dustin May
Batting: RHB Jake Rogers 0-0: Ball
1-0: Called Strike
1-1: Called Strike
1-2: Ball
2-2: SINGLE (Groundball, 5D, EV 94.4 MPH)
Batting: LHB CJ Alexander 0-0: Called Strike
0-1: Ball
Wild Pitch!
Jake Rogers to second
1-1: Foul Ball, location: 2F
1-2: Ground out U3 (Groundball, 3, EV 97.5 MPH)
Jake Rogers to third
Batting: RHB Jorge Mateo 0-0: Foul Ball, location: 2F
0-1: Foul Ball, location: 2F
0-2: Strikes out swinging
Batting: RHB Marco Estrada 0-0: Called Strike
0-1: Called Strike
0-2: Ball
1-2: Ball
2-2: Ground out 4-3 (Groundball, 4, EV 85.0 MPH)
Bottom of the 5th over - 0 runs, 1 hit, 0 errors, 1 left on base; Washington 3 - Colorado 0
TOP OF THE 6TH
Washington Nationals batting - Pitching for Colorado Rockies : RHP Marco Estrada
Batting: RHB Evan Longoria 0-0: Ball
1-0: Called Strike
1-1: Ground out 5-3 (Groundball, 56, EV 90.0 MPH)
Batting: LHB Jackie Bradley Jr. 0-0: Foul Ball, location: 2F
0-1: Ball
1-1: Swinging Strike
1-2: Ball
2-2: Ball
3-2: Strikes out looking
Batting: RHB Francisco Cervelli 0-0: Ball
1-0: Called Strike
1-1: Ball
2-1: Ball
3-1: Swinging Strike
3-2: Fly out, F8 (Flyball, 8LM, EV 91.9 MPH)
Top of the 6th over - 0 runs, 0 hits, 0 errors, 0 left on base; Washington 3 - Colorado 0
BOTTOM OF THE 6TH
Colorado Rockies batting - Pitching for Washington Nationals : RHP Dustin May
Batting: SHB Victor Reyes 0-0: SINGLE (Groundball, 6D, EV 100.6 MPH)
Batting: RHB JaCoby Jones 0-0: Ball
1-0: Ball
2-0: Ball
3-0: Called Strike
3-1: Base on Balls
Victor Reyes to second
Batting: RHB Michael Brosseau 0-0: Ball
1-0: Ball
2-0: Foul Ball, location: 2F
2-1: SINGLE (Flyball, 5D, EV 95.0 MPH)
Victor Reyes to third
JaCoby Jones to second
Runner from 3rd tries for Home, SAFE, throw by LF to home
Batting: LHB Josh VanMeter 0-0: Foul Ball, location: 2F
0-1: Called Strike
0-2: Strikes out looking
Batting: RHB Orlando Arcia 0-0: Ball
1-0: Called Strike
1-1: Foul Ball, location: 2F
1-2: Strikes out swinging
Batting: RHB Jake Rogers 0-0: Ball
1-0: Ball
2-0: Ball
3-0: Called Strike
3-1: Base on Balls
JaCoby Jones to third
Michael Brosseau to second
Batting: LHB CJ Alexander 0-0: Reached on error, E4 (Groundball, 4, EV 100.6 MPH)
JaCoby Jones scores
Michael Brosseau scores
Jake Rogers to third
Batting: RHB Jorge Mateo 0-0: Ball
1-0: Ground out 4-3 (Groundball, 34, EV 88.1 MPH)
Bottom of the 6th over - 3 runs, 2 hits, 1 error, 2 left on base; Washington 3 - Colorado 3
TOP OF THE 7TH
Washington Nationals batting - Pitching for Colorado Rockies : RHP Marco Estrada
Pitching: RHP Clay Buchholz
Batting: SHB Jed Lowrie 0-0: Fly out, F7 (Flyball, 7LS, EV 79.4 MPH)
Pinch Hitting: RHB Tyler White 0-0: Swinging Strike
0-1: Ball
1-1: Foul Ball, location: 2F
1-2: Strikes out swinging
Batting: LHB Andrew Benintendi 0-0: Ball
1-0: Ball
2-0: Ball
3-0: Called Strike
3-1: Fly out, F7 (Line Drive, 7, EV 90.0 MPH)
Top of the 7th over - 0 runs, 0 hits, 0 errors, 0 left on base; Washington 3 - Colorado 3
BOTTOM OF THE 7TH
Colorado Rockies batting - Pitching for Washington Nationals : RHP Dustin May
Pitching: RHP Miguel Romero
Pinch Hitting: RHB Miguel Cabrera 0-0: Foul Ball, location: 2F
0-1: Ground out 5-3 (Groundball, 5, EV 84.4 MPH)
Batting: SHB Victor Reyes 0-0: Called Strike
0-1: Foul Ball, location: 2F
0-2: Ball
1-2: Foul Ball, location: 2F
1-2: Strikes out swinging
Batting: RHB JaCoby Jones 0-0: Foul Ball, location: 2F
0-1: Ball
1-1: Ground out 6-3 (Groundball, 56, EV 86.3 MPH)
Bottom of the 7th over - 0 runs, 0 hits, 0 errors, 0 left on base; Washington 3 - Colorado 3
TOP OF THE 8TH
Washington Nationals batting - Pitching for Colorado Rockies : RHP Clay Buchholz
Pitching: RHP Franklin Perez
Batting: RHB Adeiny Hechavarria 0-0: Ball
1-0: Ball
2-0: DOUBLE (Flyball, 89D, EV 96.3 MPH)
Batting: LHB Adam Eaton 0-0: Fly out, F9 (Line Drive, 9D, EV 88.1 MPH)
Runner from 2nd tags up, SAFE at 3rd, no throw by RF
Batting: LHB Yonder Alonso 0-0: Intentional Walk
Batting: RHB Evan Longoria 0-0: SINGLE (Groundball, 5L, EV 105.0 MPH) (infield hit)
Adeiny Hechavarria scores
Yonder Alonso to second
Batting: LHB Jackie Bradley Jr. 0-0: Ball
1-0: SINGLE (Line Drive, 9LS, EV 103.8 MPH)
Yonder Alonso to third
Evan Longoria to second
Runner from 3rd tries for Home, SAFE, throw by RF to home
Batting: RHB Francisco Cervelli 0-0: Ball
1-0: Ball
2-0: Ball
3-0: Foul Ball, location: 2F
3-1: Swinging Strike
3-2: Foul Ball, location: 2F
3-2: Grounds into double play, 1-4-3 (Groundball, 15S, EV 71.9 MPH)
Top of the 8th over - 2 runs, 3 hits, 0 errors, 1 left on base; Washington 5 - Colorado 3
BOTTOM OF THE 8TH
Colorado Rockies batting - Pitching for Washington Nationals : RHP Miguel Romero
Batting: RHB Michael Brosseau 0-0: Called Strike
0-1: Foul Ball, location: 2F
0-2: Ball
1-2: Ball
2-2: Foul Ball, location: 2F
2-2: Foul Ball, location: 2F
2-2: Strikes out swinging
Batting: LHB Josh VanMeter 0-0: Ball
1-0: SOLO HOME RUN (Flyball, 89XD, EV 95.0 MPH), Distance : 400 ft
Batting: RHB Orlando Arcia 0-0: Foul Ball, location: 2F
0-1: Called Strike
0-2: Ball
1-2: Ground out 6-3 (Groundball, 56, EV 108.1 MPH)
Batting: RHB Jake Rogers 0-0: Ball
1-0: Called Strike
1-1: DOUBLE (Line Drive, 78D, EV 106.3 MPH)
Batting: LHB CJ Alexander 0-0: Called Strike
0-1: SINGLE (Line Drive, 9S, EV 104.4 MPH)
Jake Rogers to third
Runner from 3rd tries for Home, SAFE, throw by RF to home
Batting: RHB Jorge Mateo 0-0: Called Strike
0-1: Ground out 4-3 (Groundball, 4, EV 94.4 MPH)
Bottom of the 8th over - 2 runs, 3 hits, 0 errors, 1 left on base; Washington 5 - Colorado 5
TOP OF THE 9TH
Washington Nationals batting - Pitching for Colorado Rockies : RHP Franklin Perez
Pitching: RHP Will Harris
Batting: SHB Jed Lowrie 0-0: Called Strike
0-1: Ball
1-1: Swinging Strike
1-2: Strikes out swinging
Batting: RHB Miguel Romero 0-0: Called Strike
0-1: Ball
1-1: Swinging Strike
1-2: Ball
2-2: Strikes out looking
Batting: LHB Andrew Benintendi 0-0: Ball
1-0: Ball
2-0: Swinging Strike
2-1: SINGLE (Groundball, 56D, EV 107.5 MPH)
Batting: RHB Adeiny Hechavarria 0-0: Ball
1-0: Foul Ball, location: 2F
1-1: Swinging Strike
1-2: Foul Ball, location: 2F
1-2: Ball
2-2: Foul Ball, location: 2F
2-2: Ball
Andrew Benintendi steals 2nd base
3-2: Base on Balls
Batting: LHB Adam Eaton 0-0: Called Strike
0-1: Foul Ball, location: 2F
0-2: Ball
1-2: Strikes out swinging
Top of the 9th over - 0 runs, 1 hit, 0 errors, 2 left on base; Washington 5 - Colorado 5
BOTTOM OF THE 9TH
Colorado Rockies batting - Pitching for Washington Nationals : RHP Miguel Romero
Batting: RHB Will Harris 0-0: Ball
1-0: Ball
2-0: Called Strike
2-1: SINGLE (Groundball, 34D, EV 101.3 MPH)
Pitching: RHP Zack Burdi
Batting: SHB Victor Reyes 0-0: Ball
1-0: Called Strike
1-1: Ball
2-1: 2-RUN HOME RUN (Flyball, 9D, EV 103.1 MPH), Distance : 383 ft
Bottom of the 9th over - 2 runs, 2 hits, 0 errors, 0 left on base; Washington 5 - Colorado 7
Wednesday, October 21st, 2020 - OOTP Baseball 21.6 Build 83